Map: King Sejong Station LE

Players

Tenonee - Winner!

  • Race: Terran Terran
  • League: Platinum

Luckyflux

  • Race: Terran Terran
  • League: Platinum

VOD

Have the link to the VOD?

Description

Time

  • Played on: July 24, 2016, 4:04 a.m.
  • Length: 12:12
Show
View Real Time Build Order
Export as new Build Order

Tenonee Terran - Winner!

Build Orders: Reaper Expand 

Get SALT Encoding   

  12  0:01  SCV  
  13  0:13  SCV  
  14  0:18  Supply Depot  
  14  0:25  SCV  
  15  0:39  SCV  
  16  0:43  Barracks  
  16  0:49  Refinery  
  16  0:52  SCV  
  17  1:01  Supply Depot  
  17  1:04  SCV  
  18  1:16  SCV  
  19  1:33  Orbital Command  
  19  1:34  Reaper  
  20  1:55  Command Center  
  20  1:59  SCV  
  21  2:08  Barracks Reactor  
  21  2:11  SCV  
  22  2:23  SCV  
  22  2:27  Factory  
  23  2:35  SCV  
  24  2:48  Refinery, SCV  
  24  2:51  Marine x2  
  25  2:52  Barracks  
  27  3:00  SCV  
  28  3:12  SCV  
  29  3:18  Marine  
  29  3:19  Marine  
  31  3:20  Factory Tech Lab  
  31  3:24  Orbital Command  
  30  3:31  SCV  
  31  3:36  Marine  
  31  3:43  SCV  
  31  3:44  Starport  
  30  3:51  Marine x2  
  30  3:52  Siege Tank  
  30  3:54  Marine  
  34  3:56  SCV x2  
  35  4:08  SCV  
  35  4:09  Marine, SCV  
  36  4:14  Barracks Tech Lab  
  34  4:18  Marine  
  34  4:20  SCV  
  34  4:21  SCV  
  37  4:26  Marine  
  37  4:35  Marine  
  37  4:36  Marine  
  39  4:44  Marine, SCV x2  
  39  4:53  Marine  
  39  4:54  Marine  
  39  4:56  SCV  
  42  5:02  Marine  
  42  5:05  Siege Tank  
  46  5:11  Supply Depot  
  46  5:15  Marine x2, Medivac  
  46  5:16  SCV  
  46  5:17  SCV  
  52  5:22  Supply Depot  
  52  5:28  SCV  
  52  5:29  SCV  
  52  5:33  Marine x3  
  57  5:36  Supply Depot  
  57  5:41  SCV x2  
  59  5:45  Siege Tank  
  62  5:51  Marine x2  
  62  5:53  SCV  
  62  5:56  Supply Depot  
  64  6:02  Marine, Stimpack  
  65  6:04  Starport Reactor  
  65  6:07  SCV  
  65  6:08  Marine x2, SCV  
  69  6:12  Refinery  
  69  6:14  Supply Depot  
  69  6:19  SCV  
  69  6:20  Marine, SCV  
  66  6:26  Marine  
  66  6:31  Marine  
  66  6:32  Siege Tank  
  71  6:38  Command Center, Marine  
  72  6:44  Marine  
  72  6:45  Medivac  
  72  6:46  Viking  
  76  6:49  SCV x2  
  78  6:55  Marine  
  78  6:56  Marine  
  80  7:01  SCV x2  
  80  7:02  Marine  
  83  7:13  Marine  
  84  7:25  Engineering Bay, SCV x2  
  84  7:26  Engineering Bay  
  85  7:30  Barracks  
  85  7:31  Barracks  
  85  7:32  Liberator  
  85  7:43  Marine x3, Siege Tank  
  91  7:45  Medivac  
  91  7:50  Supply Depot  
  96  7:51  SCV  
  96  7:52  SCV  
  96  7:56  Orbital Command, Refinery  
  98  8:01  Marine x2  
  100  8:16  Marauder  
  100  8:18  Marine, Siege Tank  
  100  8:19  Marine  
  107  8:23  SCV x2  
  109  8:31  Barracks Reactor x2  
  109  8:32  Terran Infantry Armor Level 1, Terran Infantry Weapons Level 1  
  109  8:34  Armory  
  109  8:35  SCV x2  
  109  8:36  Marine  
  109  8:38  Marine  
  109  8:39  Marine  
  114  8:45  Supply Depot  
  114  8:51  SCV x2  
  114  8:54  Marine  
  117  8:55  Orbital Command  
  117  9:06  Marine x2, SCV x2  
  117  9:08  Siege Tank  
  124  9:12  Factory  
  124  9:25  Marine x2  
  124  9:26  Marine  
  124  9:29  SCV x2  
  129  9:36  Marine x3  
  129  9:37  Marine  
  133  9:44  Supply Depot  
  133  9:46  Supply Depot  
  133  9:47  Supply Depot, Viking, Marine, Medivac  
  133  10:01  Marine  
  125  10:14  Marine x4  
  120  10:15  Factory Tech Lab  
  120  10:17  Viking x2, Marine x2  
  121  10:31  Marine  
  121  10:32  Marine x4, Siege Tank  
  121  10:34  Marine  
  124  10:41  Marine  
  115  10:48  Marine  
  115  10:49  Marine  
  113  10:50  Marine x3  
  113  10:52  Marine  
  113  10:54  Siege Tank  
  121  10:58  Refinery, SCV x2  
  121  10:59  Marine, Refinery  
  118  11:04  Siege Tank  
  118  11:06  Marine  
  118  11:07  Marine x2  
  118  11:09  Marine  
  125  11:13  Medivac x2  
  129  11:19  Starport  
  129  11:31  Marine x2  
  129  11:32  Marine x3  
  131  11:38  Marine  
  131  11:39  Marine  
  141  11:49  Marine x2  
  143  11:59  Command Center  
  148  12:05  Supply Depot  
Show
View Real Time Build Order
Export as new Build Order

Luckyflux Terran 

Build Orders:  

Get SALT Encoding   

  12  0:01  SCV  
  13  0:13  SCV  
  14  0:22  Supply Depot  
  14  0:25  SCV  
  15  0:44  Barracks  
  15  0:47  SCV  
  16  0:55  Barracks  
  16  1:04  SCV  
  17  1:13  Refinery  
  17  1:17  Supply Depot  
  17  1:19  SCV  
  18  1:37  Marine, Orbital Command  
  19  1:48  Barracks  
  19  1:53  Refinery  
  19  1:57  Marine  
  20  2:02  Reaper  
  21  2:15  Marine  
  21  2:22  Supply Depot  
  22  2:23  SCV  
  23  2:33  Marine  
  24  2:43  Reaper x2  
  26  2:51  Marine, SCV  
  28  3:04  Factory, SCV  
  28  3:28  Reaper x2  
  28  3:29  Marine  
  31  3:47  Marine  
  28  4:46  Reaper x2  
  28  4:47  Reaper  
  28  4:48  Hellion  
  28  4:49  SCV  
  33  5:01  SCV  
  33  5:02  Command Center, Starport  
  33  5:05  Engineering Bay  
  34  5:07  Supply Depot  
  34  5:11  Starport  
  34  5:18  Reaper  
  34  5:20  Factory Tech Lab  
  35  5:27  Barracks  
  35  5:32  Marine x2  
  37  5:40  Starport Reactor  
  37  5:41  Siege Tank  
  40  5:43  SCV  
  41  5:50  Marine  
  41  5:51  Starport Reactor  
  40  5:59  Marine x2  
  39  6:09  Marine  
  40  6:16  Marine  
  40  6:17  Marine  
  42  6:24  Marine  
  36  6:27  Marine  
  34  6:34  Marine x2  
  36  6:44  Barracks Tech Lab  
  36  6:45  Marine  
  37  6:52  Marine x2  
  39  6:57  Barracks  
  39  6:58  Viking, Siege Tank  
  44  7:02  SCV  
  44  7:03  Marine  
  46  7:10  Marine  
  46  7:15  Viking x2  
  49  7:17  SCV  
  50  7:28  Orbital Command  
  45  7:45  SCV  
  45  7:47  Barracks Tech Lab  
  45  7:48  Barracks Reactor, Combat Shields  
  46  7:55  Barracks  
  46  7:59  Viking, Medivac  
  50  8:07  SCV x2  
  52  8:13  Marauder  
  54  8:25  Refinery  
  54  8:28  Terran Infantry Weapons Level 1  
  54  8:30  Stimpack  
  54  8:33  Marine x2  
  55  8:41  Marine x2  
  55  8:44  SCV  
  55  8:45  SCV  
  59  9:00  SCV  
  59  9:01  SCV  
  61  9:06  Barracks Reactor  
  61  9:10  Missile Turret  
  61  9:13  Missile Turret  
  61  9:16  Missile Turret, SCV  
  62  9:30  SCV  
  62  9:58  Marine, SCV  
  62  10:00  Marine x2  
  62  10:01  SCV  
  62  10:03  Siege Tank  
  62  10:06  Marine, Marauder x2  
  55  10:10  SCV  
  55  10:13  SCV  
  51  10:16  Marine  
  51  10:18  Marine x2  
  53  10:22  SCV  
  53  10:24  Marine  
  53  10:25  SCV  
  53  10:27  Marauder  
  53  10:28  Marauder  
  55  10:33  Marine  
  55  10:34  SCV  
  52  10:36  Marine x2  
  51  10:43  Missile Turret  
  51  10:49  Marine, Marauder  
  47  10:50  Orbital Command  
  45  11:11  Marine  
  45  11:12  Marine x2  
  39  11:57  SCV  
  39  11:58  SCV  
Tags
 
Add a new tag
Caveats
  • Supply blocks, unpowered buildings, or Contaminate may cause inaccurate times.
  • Supply counts are checked every 10 seconds.